 Dungeon Crawl Stone Soup version 0.30-a0-1075-gcd70e7a56d (webtiles) character file.

Game seed: 7121200492905297494

209 kae the Chopper (level 5, 0/45 HPs)
             Began as a Hill Orc Fighter on Apr 14, 2023.
             Was a Follower of Qazlal.
             Slain by a kobold brigand
             ... wielding a +0 whip
              (5 damage)
             ... in a sewer.
             The game lasted 00:02:12 (2242 turns).

kae the Chopper (Hill Orc Fighter)                  Turns: 2242, Time: 00:02:13

Health: 0/45       AC:  7    Str: 21    XL:     5   Next: 87%
Magic:  5/5        EV:  9    Int:  8    God:    Qazlal [*.....]
Gold:   175        SH:  6    Dex: 10    Spells: 4/4 levels left

rFire   . . .      SeeInvis .    a - +1 war axe
rCold   . . .      Faith    .    c - +0 buckler
rNeg    . . .      Spirit   .    b - +0 scale mail
rPois   .          Reflect  .    g - +1 hat
rElec   .          Rampage  .    (no cloak)
rCorr   .                        (no gloves)
Will    .....                    (no boots) Stlth
                                 (no amulet)
HPRegen 0.27/turn                (no ring)
MPRegen 0.09/turn                (no ring)

@: brilliant
A: sturdy frame 1
a: Renounce Religion


You were in a sewer.
You worshipped Qazlal.
Qazlal was aware of your devotion.
You visited 1 branch of the dungeon, and saw 3 of its levels.
You also visited: Sewer.

You collected 175 gold pieces.


Innate Abilities, Weirdness & Mutations

Your movements are slightly less encumbered by armour. (ER -2)


   Skills:
 - Level 3.6 Fighting
 + Level 7.8 Axes
 - Level 3.2 Armour
 - Level 3.2 Shields


You had 4 spell levels left.
You didn't know any spells.
Your spell library contained the following spells:

 Spells                   Type           Power      Damage    Failure   Level
 Apportation              Tloc           0%         N/A       73%         1
 Sandblast                Erth           0%         2d4       73%         1
 Sting                    Tmut/Pois      0%         1d3       73%         1
 Ensorcelled Hibernation  Hex/Ice        0%         N/A       86%         2
 Passwall                 Tmut/Erth      0%         N/A       86%         2
 Poisonous Vapours        Pois/Air       0%         N/A       86%         2
 Hailstorm                Conj/Ice       0%         3d3       97%         3
 Stone Arrow              Conj/Erth      0%         3d7       97%         3
 Swiftness                Air            0%         N/A       97%         3
 Ice Form                 Ice/Tmut       0%         N/A       100%        4
 Olgreb's Toxic Radiance  Pois           0%         N/A       100%        4
 Alistair's Intoxication  Tmut/Pois      0%         N/A       100%        5
 Simulacrum               Ice/Necr       0%         N/A       100%        6

Inventory:

Hand Weapons
 a - a +1 war axe (weapon)
Missiles
 e - 27 stones (quivered)
 s - 19 poisoned darts
Armour
 b - a +0 scale mail (worn)
 c - a +0 buckler (worn)
 g - a +1 hat (worn)
   (You found it on level 1 of the Dungeon)
Magical Staves
 l - a staff of death {!a}
   (You found it on level 2 of the Dungeon)
Scrolls
 i - a scroll of teleportation {@r4}
 j - 2 scrolls of identify {@r1}
 k - a scroll of fear {unknown}
 o - a scroll of poison
 q - a scroll of noise {unknown}
Potions
 d - a potion of might
 f - a potion of haste {unknown}
 h - a potion of flight {unknown}
 m - a potion of lignification {!q}
 n - a potion of brilliance

Dungeon Overview and Level Annotations

Branches:
Dungeon (3/15) Zot: 16130   Sewer (1/1) Zot: 5525

Altars:
Cheibriados
Nemelex Xobeh
Qazlal
Ru
Vehumet
Wu Jian

Annotations:
D:3 1 runed translucent door, 2 transporters, UltrafastDeath's ghost, amateur OpCj

.....~~≈≈≈~~.....##
#...~~≈≈≈≈≈≈......#
#...~≈≈≈≈≈≈~#.....#
#....~≈≈≈≈≈~##.†..#
.....~≈≈≈≈≈~~#....#
....~~≈≈≈≈≈≈~~....##
#....≈≈≈≈≈≈≈≈.~....#
#...~≈≈≈≈≈≈≈~≈.....#
###'####≈#≈#≈###@###
#.))..# #≈#≈##.)KK.#
#.....# #≈# #.....#
##...## ##...##
#.....# ....!
#..#..# #!.#!?#
####### ### ###
≈≈≈≈≈≈≈ ≈≈≈ ≈≈≈
≈≈≈≈≈≈≈≈


You could see 2 kobold brigands.


Message History

The kobold brigand hits you but does no damage.
You block the kobold brigand's attack.
There are monsters nearby!
You barely miss the kobold brigand. You closely miss the kobold brigand.
You hit the kobold.
You kill the kobold!
Qazlal accepts your kill.
The kobold brigand hits you with a +0 dagger!
You block the kobold brigand's attack.
You slash the kobold brigand! x2; You barely miss the kobold.
The kobold brigand hits you but does no damage.
The kobold brigand hits you with a +0 whip.
The kobold hits you with a +2 vampiric short sword.
There are monsters nearby!
You barely miss the kobold brigand. You barely miss the kobold.
You closely miss the kobold brigand. The kobold brigand barely misses you.
The kobold hits you with a +2 vampiric short sword.
The kobold brigand closely misses you. The kobold hits you but does no damage.
The kobold brigand hits you with a +0 dagger.
The kobold brigand closely misses you.
You are too injured to fight recklessly! 😮 HP[-17]
You take 17 damage, and now have 28/45 hp.
MASSIVE DAMAGE!! (PAUSE)
You closely miss the kobold brigand. You hit the kobold brigand.
You hit the kobold.
You kill the kobold!
Qazlal accepts your kill.
The kobold brigand hits you with a +0 whip.
The kobold brigand hits you with a +0 dagger. 😮 HP[-5]
You take 5 damage, and now have 23/45 hp.
You closely miss the kobold brigand. x2; You closely miss the kobold.
The kobold brigand hits you with a +0 dagger.
* * * LOW HITPOINT WARNING * * *
The kobold brigand barely misses you. You block the kobold's attack. 😨 HP[-1]
You take 1 damage, and now have 22/45 hp.
Unknown command.
You slash the kobold brigand! You hit the kobold.
You closely miss the kobold brigand. You block the kobold brigand's attack.
The kobold hits you but does no damage.
The kobold brigand hits you with a +0 dagger.
* * * LOW HITPOINT WARNING * * *
😨 HP[-2]
You take 2 damage, and now have 20/45 hp.
You closely miss the kobold brigand. You barely miss the kobold brigand.
You slash the kobold!
You kill the kobold!
Qazlal accepts your kill.
The kobold brigand hits you with a +0 whip.
* * * LOW HITPOINT WARNING * * *
The kobold brigand completely misses you. 😨 HP[-4]
You take 4 damage, and now have 16/45 hp.
You hit the kobold brigand. You barely miss the kobold brigand.
You block the kobold brigand's attack.
The kobold brigand hits you with a +0 whip!
* * * LOW HITPOINT WARNING * * *
😱 HP[-7]
You take 7 damage, and now have 9/45 hp.
Unknown command.
You hit the kobold brigand but do no damage. x2
You block the kobold brigand's attack. x2
The kobold brigand hits you but does no damage.
The kobold brigand hits you with a +0 dagger.
* * * LOW HITPOINT WARNING * * *
😱 HP[-4]
You take 4 damage, and now have 5/45 hp.
Unknown command.
It was a potion of curing.
You feel better. The kobold brigand closely misses you.
The kobold brigand hits you but does no damage. 😨 HP[+7]
You regained 7 hp, and now have 12/45 hp.
You barely miss the kobold brigand. x2
The kobold brigand hits you with a +0 whip.
* * * LOW HITPOINT WARNING * * *
The kobold brigand hits you but does no damage. 😱 HP[-2]
You take 2 damage, and now have 10/45 hp.
You barely miss the kobold brigand. You slash the kobold brigand!
The kobold brigand hits you but does no damage.
The kobold brigand hits you with a +0 whip.
* * * LOW HITPOINT WARNING * * *
😱 HP[-5]
You take 5 damage, and now have 5/45 hp.
You feel better.
The kobold brigand hits you with a +0 dagger.
* * * LOW HITPOINT WARNING * * *
You block the kobold brigand's attack.
It was a potion of brilliance.
You feel clever all of a sudden.
The kobold brigand hits you but does no damage.
The kobold brigand completely misses you.
It was a potion of mutation.
You feel extremely strange.
You feel less encumbered by your armour.
The kobold brigand barely misses you.
The kobold brigand hits you with a +0 whip.
You die...

Skill      XL: |  1  2  3  4 |
---------------+-------------+-----
Axes           | 3 4 5 7 |  7.8
Fighting       | |  3.6
Armour         | |  3.2
Shields        | |  3.2

Action                     |  1- 3 |  4- 6 || total
---------------------------+-------+-------++-------
  Melee: War axe           |   125 |   109 ||   234
    Use: Scroll            |       |     6 ||     6
         Potion            |       |     4 ||     4
 Armour: Scale mail        |    59 |    59 ||   118
  Dodge: Dodged            |    82 |    52 ||   134
  Block: Buckler           |    28 |    25 ||    53

Levels and vault maps discovered:
D:1:      matt_arrival_grand_opening, layout_loops_ring
D:2:      wad_lake_hut, layout_rooms
D:3:      gammafunk_steamed_eel, layout_basic, grunt_temple_overflow_open,
          cheibrodos_sewer_entry_bend, ebering_ghost_sewer_f
Sewer:    sewer_minmay_treatment

Notes
Turn   | Place    | Note
-------+----------+-------------------------------------------
     0 | D:1      | kae the Hill Orc Fighter began the quest for the Orb.
     0 | D:1      | Reached XP level 1. HP: 19/19 MP: 1/1
     0 | D:1      | magus.rc [v1.11.3]
    13 | D:1      | Reached skill level 3 in Axes
    96 | D:1      | Reached XP level 2. HP: 26/26 MP: 2/2
   158 | D:1      | Reached skill level 4 in Axes
   357 | D:1      | Reached XP level 3. HP: 31/31 MP: 3/3
   428 | D:1      | You pick up a book of the Tundra and begin reading...
   428 | D:1      | You add the spells Hailstorm, Ice Form and Simulacrum to
                  | your library.
   784 | D:2      | Reached skill level 5 in Axes
  1108 | D:2      | HP: 6/31 [worm (4)]
  1242 | D:2      | Reached XP level 4. HP: 35/39 MP: 4/4
  1511 | D:3      | You pick up a book of Geomancy and begin reading...
  1511 | D:3      | You add the spells Sandblast, Passwall and Stone Arrow to
                  | your library.
  1524 | D:3      | Identified the +6 chain mail of Miafi {rCorr Dex+4}
  1562 | D:3      | Found a runed translucent door.
  1562 | D:3      | Noticed UltrafastDeath's ghost (amateur OpCj)
  1597 | D:3      | Found a transporter.
  1609 | D:3      | You add the spells Sting, Poisonous Vapours and Olgreb's
                  | Toxic Radiance to your library.
  1611 | D:3      | You pick up a book of Burglary and begin reading...
  1611 | D:3      | You add the spells Ensorcelled Hibernation and Swiftness to
                  | your library.
  1628 | D:3      | Found a transporter.
  1641 | D:3      | You pick up a book of Party Tricks and begin reading...
  1641 | D:3      | You add the spells Apportation and Alistair's Intoxication
                  | to your library.
  1692 | D:3      | Found an ornate altar of the Wu Jian Council.
  1693 | D:3      | Found a sacrificial altar of Ru.
  1695 | D:3      | Found a sparkling altar of Nemelex Xobeh.
  1696 | D:3      | Found a stormy altar of Qazlal.
  1696 | D:3      | Found a snail-covered altar of Cheibriados.
  1697 | D:3      | Found a radiant altar of Vehumet.
  1706 | D:3      | Became a worshipper of Qazlal Stormbringer
  1776 | D:3      | Found a glowing drain.
  1787 | Sewer    | Entered a sewer
  1821 | Sewer    | Reached skill level 6 in Axes
  1907 | Sewer    | Noticed a kobold brigand
  1926 | Sewer    | Killed a kobold brigand
  1927 | Sewer    | Reached skill level 7 in Axes
  1927 | Sewer    | Reached XP level 5. HP: 16/45 MP: 5/5
  2157 | Sewer    | Reached * piety under Qazlal
  2223 | Sewer    | Noticed a kobold brigand
  2223 | Sewer    | Noticed a kobold brigand
  2235 | Sewer    | HP: 9/45 [kobold brigand/+0 whip (7)]
  2240 | Sewer    | HP: 5/45 [kobold brigand/+0 dagger (5)]
  2242 | Sewer    | Gained mutation: Your movements are slightly less
                  | encumbered by armour. (ER -2) [potion of mutation]
  2242 | Sewer    | Slain by a kobold brigand

Vanquished Creatures
  A kobold brigand (Sewer)
  2 adders
  4 river rats (Sewer)
  2 worms
  A dart slug (D:1)
  6 ball pythons
  6 bats
  4 endoplasms
  4 giant cockroaches
  7 goblins
  7 hobgoblins
  3 frilled lizards
  16 kobolds
  18 rats
81 creatures vanquished.

Vanquished Creatures (others)
  10 plants (D:2)
10 creatures vanquished.

Grand Total: 91 creatures vanquished

Table legend:
 A = Non-vault XP
 B = Vault XP
 C = Vault XP percentage of total XP
 D = Non-vault monster count
 E = Vault monster count
 F = Vault count percentage of total count
                 A         B        C        D         E       F
            +---------+---------+-------+---------+---------+-------
      Total |      98 |     201 |  67.2 |      50 |      31 |  38.3
            +---------+---------+-------+---------+---------+-------
        D:1 |      46 |       0 |   0.0 |      28 |       0 |   0.0
        D:2 |      47 |       0 |   0.0 |      19 |       0 |   0.0
        D:3 |       5 |       5 |  50.0 |       3 |       1 |  25.0
      Sewer |       0 |     196 | 100.0 |       0 |      30 | 100.0
            +---------+---------+-------+---------+---------+-------

Illustrated notes

Table legend:
 A = Kills in this place as a percentage of kills in the entire game.
 B = Kills by you in this place as a percentage of kills by you in the entire game.
 C = Kills by friends in this place as a percentage of kills by friends in the entire game.
 D = Other kills in this place as a percentage of other kills in the entire game.
 E = Experience gained in this place as a percentage of experience gained in the entire game.
 F = Experience gained in this place divided by the number of levels of this place that you have seen.
                   A       B       C       D       E      F
               +-------+-------+-------+-------+-------+----------------------
         Total | 100.0 | 100.0 |   N/A |   N/A | 100.0 |  74.8
       Dungeon |  63.0 |  63.0 |   N/A |   N/A |  34.4 |  34.3
         Sewer |  37.0 |  37.0 |   N/A |   N/A |  65.6 | 196.0
               +-------+-------+-------+-------+-------+----------------------

Table legend: (Time is in decaauts)
 A = Elapsed time spent in this place.
 B = Non-inter-level travel time spent in this place.
 C = Inter-level travel time spent in this place.
 D = Time resting spent in this place.
 E = Time spent auto-exploring this place.
 F = Levels seen in this place.
 G = Mean time per level.
                   A        B        C        D        E       F      G
               +--------+--------+--------+--------+--------+-----+--------+
         Total |   2343 |   2175 |    168 |     72 |   1494 |   4 |  585.8 |
       Dungeon |   1869 |   1701 |    168 |     45 |   1203 |   3 |  623.0 |
         Sewer |    474 |    474 |      0 |     27 |    290 |   1 |  474.0 |
               +--------+--------+--------+--------+--------+-----+--------+

Top non-repeatable levels by time:
     D:1: 791 daAuts
     D:2: 764 daAuts
   Sewer: 474 daAuts
     D:3: 312 daAuts
